 Dungeon Sprint DCSS version 0.21.2 (webtiles) character file.

13100000 Fang the Axe Maniac (level 27, -30/246 (249) HPs)
             Began as a Demonspawn Gladiator on Oct 2, 2018.
             Was the Champion of Makhleb.
             Killed from afar by a wretched soul (44 damage)
             ... with a bolt of negative energy
             ... in the Dungeon (Sprint VIII: "Arena of Blood").
             The game lasted 00:03:21 (131 turns).

Fang the Axe Maniac (Demonspawn Gladiator)           Turns: 131, Time: 00:03:22

HP:   -30/246 (249) AC: 12    Str: 24    XL:     27
MP:   0/54          EV: 31    Int: 13    God:    Makhleb [******]
Gold: 0             SH:  0    Dex: 15    Spells: 80/80 levels left

rFire    . . .     SeeInvis .   l - +∞ Axe of Woe
rCold    . . .     Gourm    .   (shield currently unavailable)
rNeg     + . .     Faith    .   b - +0 leather armour
rPois    .         Spirit   +   c - +0 helmet
rElec    +         Reflect  .   (no cloak)
rCorr    .         Harm     .   (gloves unavailable)
MR       ++...     NoTele   +   (no boots)
Stlth    +++++++++.             (no amulet)
HPRegen  0.51/turn              (no ring)
MPRegen  0.68/turn              (no ring)

@: lethally poisoned (-30 -> -50), marked, drained
A: claws 3, thin metallic scales 3, demonic guardian 3, negative energy
resistance 1, 50% torment resistance, magic shield, magic regeneration, magic
link, black mark
a: Minor Destruction, Lesser Servant of Makhleb, Major Destruction, Greater
Servant of Makhleb, Renounce Religion


You were in the Dungeon.
You worshipped Makhleb.
Makhleb was exalted by your worship.
You were not hungry.

You visited 1 branch

Inventory:

Hand Weapons
 l - the +∞ Axe of Woe (weapon)
   (You found it in the Dungeon)
Missiles
 d - 3 throwing nets (quivered)
Armour
 b - a +0 leather armour (worn)
 c - a +0 helmet (worn)
Scrolls
 k - a scroll of blinking
Potions
 e - a potion of curing
 g - a potion of heal wounds
 h - a potion of haste
 i - 2 potions of magic
 j - a potion of berserk rage
Comestibles
 f - a ration


   Skills:
 O Level 27(26.2) Fighting
 O Level 27(26.2) Axes
 O Level 27(26.2) Throwing
 O Level 27(26.2) Armour
 O Level 27(26.2) Dodging
 O Level 27(26.2) Stealth
 O Level 27(26.2) Unarmed Combat
 O Level 27(26.2) Spellcasting
 O Level 27(26.2) Invocations


You had 80 spell levels left.
You didn't know any spells.

Dungeon Overview and Level Annotations

Branches:
Dungeon (1/1)

Altars:
Makhleb

Annotations:
D The Defiler


Innate Abilities, Weirdness & Mutations

You have claws for hands.
You are completely covered in thin metallic scales. (AC +4, rElec)
A powerful demonic guardian rushes to your aid.
You resist negative energy. (rN+)
You are somewhat able to resist unholy torments (1 in 2 success).
When hurt, damage is shared between your health and your magic reserves.
You regenerate magic rapidly.
When low on magic, you restore magic in place of health.
Your melee attacks may debilitate your foes.


Message History

The eight-headed meat hydra convulses!
The bag of meat convulses!
The meat berserker convulses!
The bag of meat convulses! x5
The large bag of meat convulses!
The bag of meat convulses!
Your body is wracked with pain!
* * * LOW HITPOINT WARNING * * *
You hear a shout!
The accursed points at you and mumbles some strange words.
Something smites you!
* * * LOW HITPOINT WARNING * * *
The eight-headed meat hydra calls on the powers of darkness!
The eight-headed meat hydra convulses!
The scourge convulses!
The eight-headed meat hydra convulses!
The bag of meat convulses!
The Defiler convulses!
The bag of meat convulses! x4; The scourge convulses!
You feel a surge of unholy energy.
A bolt of negative energy appears from out of thin air!
The bolt of negative energy hits the accursed.
The accursed completely resists.
Deactivating autopickup; reactivate with Ctrl-A.
The bolt of negative energy hits you! You partially resist.
You feel drained.
You die... ................ ........#.#......D ................### ...p.oDp.........2. ..o.o.oX...DoD..... ..oo.poo.Sx.pLX....

..oXo..XooMOS......
#.OoOo))#o...... .
#L.oOp@2#.......
..###..ooOSo###...O.
..ooLo###)MOoO.....
...Oo.§§X{zoo.o....


.oOX#%oXM)#MWooOM.# ....#_D@Dx#.oo.zL.. ... #.W))D#XXooXX ...z2MD_).XSxXLoD
...%%%###..X...X. You could see 5 accurseds, 4 tentacled monstrosities, 5
tyrants, 7 eight-headed meat hydras, 4 scourges, 5 fleshlords, 2 sculptors of
flesh, 2 large bags of meat, 7 large abominations, The Defiler, a dread, 7 meat
berserkers, 34 bags of meat, 3 crawling corpses and a friendly balrug.

Vanquished Creatures
  Sigmund (D)
  15 hell beasts (D)
  3 greater mummies (D)
  6 great orbs of eyes (D)
  A wraith (D)
  22 vampire knights (D)
  52 ogres (D)
  4 two-headed ogres (D)
  6 liches (D)
  2 hydras (D)
  67 orcs (D)
  5 phantoms (D)
  2 skeletal warriors (D)
  A sea snake (D)
  7 large abominations (D)
  10 small abominations (D)
  9 crawling corpses (D)
213 creatures vanquished.

Vanquished Creatures (collateral kills)
  A great orb of eyes (D)
1 creature vanquished.

Vanquished Creatures (others)
  A hydra (D)
1 creature vanquished.

Grand Total: 215 creatures vanquished

Notes
Turn   | Place    | Note
-------+----------+-------------------------------------------
     0 | D        | Found the +∞ Axe of Woe
     0 | D        | Fang the Demonspawn Gladiator began the quest for the Orb.
     0 | D        | Reached XP level 1. HP: 16/16 MP: 1/1
     3 | D        | Noticed a bag of meat
     3 | D        | Noticed a bag of meat
     4 | D        | Noticed a bag of meat
     5 | D        | Became a worshipper of Makhleb the Destroyer
     8 | D        | Noticed a meat berserker
     9 | D        | Noticed a meat berserker
     9 | D        | Noticed a bag of meat
    10 | D        | Noticed a bag of meat
    11 | D        | Noticed a bag of meat
    11 | D        | Noticed a bag of meat
    11 | D        | Killed a meat berserker
    11 | D        | Reached skill level 10 in Throwing
    11 | D        | Gained mutation: You are partially covered in thin metallic scales. (AC +2) [demonic ancestry]
    11 | D        | Reached XP level 2. HP: 39/39 MP: 2/2
    11 | D        | Gained mutation: You have sharp fingernails. [demonic ancestry]
    11 | D        | Reached XP level 3. HP: 45/45 MP: 3/3
    11 | D        | Gained mutation: A weak demonic guardian rushes to your aid. [demonic ancestry]
    11 | D        | Reached XP level 4. HP: 52/52 MP: 4/4
    11 | D        | Gained mutation: When hurt, damage is shared between your health and your magic reserves. [demonic ancestry]
    11 | D        | Reached XP level 5. HP: 58/58 MP: 5/5
    11 | D        | Reached XP level 6. HP: 65/65 MP: 6/6
    11 | D        | Gained mutation: You have very sharp fingernails. [demonic ancestry]
    11 | D        | Reached XP level 7. HP: 71/71 MP: 7/7
    11 | D        | Reached XP level 8. HP: 77/77 MP: 8/8
    11 | D        | Gained mutation: You regenerate magic rapidly. [demonic ancestry]
    11 | D        | Reached XP level 9. HP: 83/83 MP: 9/9
    11 | D        | Reached XP level 10. HP: 90/90 MP: 10/10
    11 | D        | Reached XP level 11. HP: 96/96 MP: 11/11
    11 | D        | Gained mutation: You resist negative energy. (rN+) [demonic ancestry]
    11 | D        | Reached XP level 12. HP: 103/103 MP: 12/12
    11 | D        | Gained mutation: A demonic guardian rushes to your aid. [demonic ancestry]
    11 | D        | Reached XP level 13. HP: 109/109 MP: 13/13
    12 | D        | Noticed a bag of meat
    12 | D        | Killed a bag of meat
    12 | D        | Reached * piety under Makhleb
    12 | D        | Killed a bag of meat
    12 | D        | Gained mutation: You are mostly covered in thin metallic scales. (AC +3) [demonic ancestry]
    12 | D        | Reached XP level 14. HP: 83/121 MP: 9/14
    13 | D        | Noticed a bag of meat
    13 | D        | Noticed a bag of meat
    13 | D        | Killed a meat berserker
    13 | D        | Reached skill level 15 in Fighting
    13 | D        | Reached XP level 15. HP: 90/130 MP: 9/15
    14 | D        | Reached ** piety under Makhleb
    16 | D        | Reached skill level 5 in Stealth
    17 | D        | Reached skill level 15 in Throwing
    17 | D        | Reached XP level 16. HP: 97/143 MP: 10/16
    18 | D        | Reached *** piety under Makhleb
    18 | D        | Reached skill level 27 in Axes
    19 | D        | Noticed a meat berserker
    21 | D        | Reached skill level 27 in Dodging
    21 | D        | Reached XP level 17. HP: 158/158 MP: 11/17
    22 | D        | Noticed a meat berserker
    22 | D        | Noticed a destroyer
    22 | D        | Noticed a destroyer
    22 | D        | Reached **** piety under Makhleb
    22 | D        | Reached skill level 10 in Stealth
    22 | D        | Killed a meat berserker
    22 | D        | Gained mutation: A powerful demonic guardian rushes to your aid. [demonic ancestry]
    22 | D        | Reached XP level 18. HP: 180/180 MP: 11/18
    23 | D        | Killed a destroyer
    23 | D        | Reached skill level 27 in Fighting
    24 | D        | Noticed a meat berserker
    24 | D        | Reached ***** piety under Makhleb
    24 | D        | Reached skill level 27 in Throwing
    24 | D        | Gained mutation: You are somewhat able to resist unholy torments (1 in 2 success). [demonic ancestry]
    24 | D        | Reached XP level 19. HP: 189/189 MP: 11/19
    26 | D        | Noticed a large bag of meat
    26 | D        | Noticed a meat berserker
    26 | D        | Reached skill level 27 in Stealth
    27 | D        | Noticed a large bag of meat
    27 | D        | Killed a meat berserker
    27 | D        | Reached skill level 15 in Invocations
    28 | D        | Noticed a meat berserker
    28 | D        | Killed a meat berserker
    28 | D        | Gained mutation: Your melee attacks may debilitate your foes. [demonic ancestry]
    28 | D        | Reached XP level 20. HP: 197/197 MP: 12/38
    28 | D        | Reached ****** piety under Makhleb
    28 | D        | Reached skill level 15 in Armour
    28 | D        | Reached skill level 15 in Unarmed Combat
    28 | D        | Reached skill level 15 in Spellcasting
    29 | D        | Noticed a destroyer
    29 | D        | Killed a destroyer
    30 | D        | Killed a large bag of meat
    30 | D        | Gained mutation: You have claws for hands. [demonic ancestry]
    30 | D        | Reached XP level 21. HP: 204/204 MP: 10/45
    30 | D        | Reached skill level 27 in Invocations
    32 | D        | Reached XP level 22. HP: 212/212 MP: 10/51
    33 | D        | Killed a destroyer
    33 | D        | Reached skill level 27 in Armour
    33 | D        | Reached skill level 27 in Unarmed Combat
    33 | D        | Reached skill level 27 in Spellcasting
    34 | D        | Killed a large bag of meat
    35 | D        | Reached XP level 23. HP: 219/219 MP: 7/54
    38 | D        | Noticed a destroyer
    38 | D        | Noticed a destroyer
    38 | D        | Noticed a destroyer
    38 | D        | Noticed a destroyer
    40 | D        | Killed a destroyer
    42 | D        | Killed a destroyer
    42 | D        | Gained mutation: You are completely covered in thin metallic scales. (AC +4, rElec) [demonic ancestry]
    42 | D        | Reached XP level 24. HP: 25/227 MP: 1/54
    42 | D        | Killed a destroyer
    43 | D        | Noticed a destroyer
    43 | D        | Noticed a destroyer
    43 | D        | Reached XP level 25. HP: 153/234 MP: 2/54
    44 | D        | Noticed a destroyer
    45 | D        | Killed a destroyer
    45 | D        | Killed a destroyer
    45 | D        | Noticed a large bag of meat
    46 | D        | Gained mutation: When low on magic, you restore magic in place of health. [demonic ancestry]
    46 | D        | Reached XP level 26. HP: 242/242 MP: 2/54
    47 | D        | Killed a destroyer
    49 | D        | Reached XP level 27. HP: 249/249 MP: 5/54
    50 | D        | Noticed a destroyer
    50 | D        | Killed a destroyer
    52 | D        | Noticed a destroyer
    52 | D        | Killed a large bag of meat
    53 | D        | Noticed a destroyer
    53 | D        | Noticed a destroyer
    54 | D        | Killed a destroyer
    54 | D        | Killed a destroyer
    55 | D        | Noticed an accursed
    59 | D        | Noticed a destroyer
    59 | D        | Killed a destroyer
    60 | D        | Noticed a tyrant
    62 | D        | Killed a destroyer
    62 | D        | Killed a destroyer
    63 | D        | Noticed a destroyer
    64 | D        | Noticed an accursed
    67 | D        | Killed a tyrant
    71 | D        | Noticed a destroyer
    71 | D        | Noticed a meat beast
    72 | D        | Noticed a destroyer
    72 | D        | Noticed a dread
    72 | D        | Noticed a meat beast
    72 | D        | Noticed a meat beast
    73 | D        | Noticed a tyrant
    74 | D        | Noticed a meat beast
    74 | D        | Killed a meat beast
    75 | D        | Killed a destroyer
    76 | D        | Killed a meat beast
    77 | D        | Noticed a meat beast
    77 | D        | Killed an accursed
    78 | D        | Killed a meat beast
    78 | D        | Killed a meat beast
    81 | D        | Noticed a large bag of meat
    81 | D        | Killed a dread
    81 | D        | Killed a meat beast
    82 | D        | Noticed a destroyer
    83 | D        | Killed a destroyer
    85 | D        | Noticed a meat beast
    85 | D        | Killed a destroyer
    86 | D        | Noticed a meat beast
    86 | D        | Killed a tyrant
    88 | D        | Noticed a destroyer
    89 | D        | Killed a destroyer
    90 | D        | Noticed an accursed
    90 | D        | Killed a meat beast
    90 | D        | Killed a meat beast
    91 | D        | Noticed a meat beast
    91 | D        | Killed a large bag of meat
    93 | D        | Noticed a tyrant
    93 | D        | Noticed a destroyer
    95 | D        | Killed a destroyer
    96 | D        | Noticed a tyrant
    96 | D        | Noticed The Captor
    96 | D        | Killed a tyrant
    96 | D        | Killed a meat beast
    97 | D        | Killed a destroyer
   103 | D        | Noticed an accursed
   103 | D        | Killed an accursed
   105 | D        | Noticed a tyrant
   106 | D        | Killed The Captor
   106 | D        | Killed a tyrant
   108 | D        | Noticed an accursed
   108 | D        | Noticed a meat beast
   108 | D        | Noticed a tyrant
   108 | D        | Noticed a tyrant
   109 | D        | Noticed a meat beast
   109 | D        | Noticed an accursed
   110 | D        | Noticed a meat beast
   110 | D        | HP: 3/246 [something (12)]
   111 | D        | Noticed an accursed
   111 | D        | Noticed a meat beast
   112 | D        | Noticed a meat beast
   113 | D        | Noticed an accursed
   113 | D        | Noticed a meat beast
   113 | D        | Killed a meat beast
   113 | D        | Killed a meat beast
   114 | D        | Noticed a tyrant
   115 | D        | Noticed a meat beast
   115 | D        | Killed a tyrant
   116 | D        | Noticed a dread
   116 | D        | Killed a meat beast
   118 | D        | Noticed a large bag of meat
   118 | D        | Killed a meat beast
   119 | D        | Noticed a tyrant
   119 | D        | Noticed a destroyer
   119 | D        | Killed a meat beast
   120 | D        | Noticed a dread
   120 | D        | Killed a meat beast
   121 | D        | Noticed a large bag of meat
   121 | D        | Noticed The Defiler
   122 | D        | Killed a destroyer
   122 | D        | Killed a meat beast
   124 | D        | Noticed a fleshlord
   125 | D        | Noticed a tyrant
   125 | D        | HP: 9/246 [??? (5)]
   126 | D        | Killed a tyrant
   127 | D        | Noticed a fleshlord
   127 | D        | Noticed a fleshlord
   128 | D        | Noticed a dread
   128 | D        | Noticed a large bag of meat
   128 | D        | Noticed a fleshlord
   130 | D        | Noticed a tyrant
   130 | D        | Killed an accursed
   131 | D        | Noticed a meat beast
   131 | D        | Noticed a fleshlord
   131 | D        | Noticed an accursed
   131 | D        | Killed from afar by a wretched soul

Skill      XL: |  1  2  3  4  5  6  7  8  9 10 11 12 13 14 15 16 17 18 19 20 21 22 |
---------------+-------------------------------------------------------------------+-----
Fighting       | 12 14 15 17 21 26 27 | 27.0
Axes           | 19 22 24 26 27 | 27.0
Throwing       | 10 12 13 15 18 22 27 | 27.0
Dodging        | 18 21 22 25 27 | 27.0
Stealth        | 3 5 9 13 24 27 | 27.0
Armour         | 14 20 25 27 | 27.0
Unarmed Combat | 14 20 25 27 | 27.0
Spellcasting   | 14 20 25 27 | 27.0
Invocations    | 19 26 27 | 27.0

Action                   |  1- 3 |  4- 6 |  7- 9 | 10-12 | 13-15 | 16-18 | 19-21 | 22-24 | 25-27 || total
-------------------------+-------+-------+-------+-------+-------+-------+-------+-------+-------++-------
Melee: Executioner's axe |     1 |       |       |       |     5 |     6 |     8 |     9 |    74 ||   103
 Stab: Distracted        |       |       |       |       |     1 |       |     1 |       |       ||     2
Armor: Leather armour    |       |       |       |       |       |       |       |       |     6 ||     6
Dodge: Dodged            |       |       |       |       |     1 |     1 |       |     3 |    15 ||    20
